 Dungeon Crawl Stone Soup version 0.30-a0-757-ga6a79fd877 (webtiles) character file.

Game seed: 8154975509837706639

100 IdlyInterested the Cudgeller (level 4, -1/33 HPs)
             Began as a Demonspawn Gladiator on Feb 9, 2023.
             Slain by an ogre
             ... wielding a +0 giant spiked club
              (10 damage)
             ... on level 4 of the Dungeon.
             The game lasted 00:06:53 (2810 turns).

IdlyInterested the Cudgeller (Demonspawn Gladiator) Turns: 2810, Time: 00:06:54

Health: -1/33      AC:  9    Str: 16    XL:     4   Next: 46%
Magic:  4/4        EV:  7    Int: 10    God:
Gold:   120        SH:  0    Dex: 14    Spells: 3/3 levels left

rFire   . . .      SeeInvis .    a - +0 flail
rCold   . . .      Faith    .    (no shield)
rNeg    . . .      Spirit   .    v - +0 chain mail
rPois   .          Reflect  .    (helmet restricted)
rElec   .          Harm     .    (no cloak)
rCorr   .          Rampage  .    (no gloves)
Will    .....                    l - +0 pair of boots Stlth
                                 (no amulet)
HPRegen 0.25/turn                (no ring)
MPRegen 0.09/turn                (no ring)

@: no status effects
A: antennae 1
a: no special abilities


You were on level 4 of the Dungeon.
You visited 1 branch of the dungeon, and saw 4 of its levels.

You collected 120 gold pieces.

Inventory:

Hand Weapons
 a - a +0 flail (weapon)
Missiles
 d - 3 throwing nets
 e - a javelin
 f - 43 stones (quivered)
Armour
 l - a +0 pair of boots (worn)
 v - a +0 chain mail (worn)
Wands
 u - a wand of flame (13)
Scrolls
 b - a scroll of fear {unknown}
 c - 3 scrolls of teleportation {unknown}
 g - a scroll of magic mapping {unknown}
 h - 4 scrolls of identify {unknown}
 j - a scroll of torment {unknown}
 k - a scroll of amnesia {unknown}
 p - a scroll of enchant armour {unknown}
 s - a scroll of noise {unknown}
Potions
 i - 2 potions of might {unknown}
 m - a potion of heal wounds {unknown}
 n - a potion of attraction {unknown}
 o - a potion of berserk rage {unknown}
 q - a potion of curing
 r - a potion of brilliance {unknown}
 t - a potion of flight {unknown}


   Skills:
 - Level 2.0 Fighting
 * Level 4.3 Maces & Flails
 - Level 1.7 Throwing
 + Level 1.0 Armour
 - Level 2.6 Dodging
 - Level 1.0 Stealth
 - Level 1.0 Evocations


You had 3 spell levels left.
You didn't know any spells.
Your spell library contained the following spells:

 Spells                   Type           Power      Damage    Failure   Level
 Inner Flame              Hex/Fire       0%         N/A       100%        3
 Flame Wave               Conj/Fire      0%         2d4       100%        4
 Sticky Flame             Conj/Fire      0%         2d3       100%        4


Dungeon Overview and Level Annotations

Branches:
Dungeon (4/15)
 Temple: D:4-7

Altars:


Innate Abilities, Weirdness & Mutations

You have a pair of small antennae on your head.


Message History

h - 4 scrolls labelled POAPSA QALETZ (gained 1)
Found a spear.
There is a stone staircase leading up here.
You climb upwards.
There is a stone staircase leading down here.
There is an open door here.
There is an open door here.
You see here a +0 dagger.
There is an open door here.
There is an open door here.
There is an open door here.
There is an open door here.
There is an open door here.
There is an open door here.
There is an open door here.
You see here a +0 dagger.
There is an open door here.
There is a stone staircase leading down here.
You climb downwards.
Found a scroll labelled VEOSSA ZOFAY, a book of Flames and 5 gold pieces.
Found a stone staircase leading down.
There is a stone staircase leading up here.
You pick up a book of Flames and begin reading...
You add the spells Inner Flame, Sticky Flame and Flame Wave to your library.
You now have 120 gold pieces (gained 5).
An ogre comes into view. It is wielding a +0 giant spiked club.
The ogre shouts!
You hear an angry hiss.
A ball python comes into view.
You hit the ogre.
The ogre is lightly wounded.
The ogre hits you with a +0 giant spiked club!!
Ouch! That really hurt!
* * * LOW HITPOINT WARNING * * *
You barely miss the ogre.
The ogre is lightly wounded.
The ogre closely misses you.
You hit the ogre.
The ogre is moderately wounded.
The ogre hits you with a +0 giant spiked club!
You die...

#...... #.....
#.....
#....######
#....##...###+##
#.......<......#
#.SO...........#
#..@.........>.#
#..............#
##..............#
#..............##
#.....######+###
.........#
#####.....#
##....# ##...#


You could see an ogre and a ball python.

Vanquished Creatures
  3 adders (D:3)
  A dart slug (D:2)
  An orc (D:3)
  4 ball pythons
  8 bats
  7 endoplasms
  3 giant cockroaches (D:3)
  13 goblins
  5 hobgoblins
  4 jackals (D:3)
  2 quokkas (D:1)
  3 frilled lizards (D:1)
  6 kobolds
  5 rats
65 creatures vanquished.

Notes
Turn   | Place    | Note
-------+----------+-------------------------------------------
     0 | D:1      | IdlyInterested the Demonspawn Gladiator began the quest for
                  | the Orb.
     0 | D:1      | Reached XP level 1. HP: 16/16 MP: 1/1
    45 | D:1      | Reached skill level 3 in Maces & Flails
   296 | D:1      | Gained mutation: You have a pair of small antennae on your
                  | head. [demonic ancestry]
   296 | D:1      | Reached XP level 2. HP: 12/22 MP: 2/2
   516 | D:1      | Reached skill level 1 in Armour
   862 | D:2      | Reached XP level 3. HP: 26/27 MP: 3/3
   927 | D:2      | You fall into a shaft and drop 1 floor!
  1197 | D:3      | Reached skill level 1 in Stealth
  1390 | D:2      | Reached skill level 4 in Maces & Flails
  1431 | D:2      | Reached XP level 4. HP: 29/33 MP: 4/4
  1581 | D:2      | Found a faded altar of an unknown god.
  2629 | D:3      | Reached skill level 1 in Evocations
  2804 | D:4      | Noticed an ogre
  2810 | D:4      | Slain by an ogre

Illustrated notes

Levels and vault maps discovered:
D:1:      heliophobic_arrival_battle_scene, layout_loops_cross,
          grunt_decor_clamped
D:2:      kennysheep_the_goblin_king, layout_loops_ring,
          shapermc_ecumenical_altar_mp_highgroup
D:3:      layout_basic, nicolae_hexahallways
D:4:      layout_gridville, lemuel_round_altar,
          mainiacjoe_overflow_catwalk_spiral

Skill      XL: |  1  2  3  4 |
---------------+-------------+-----
Maces & Flails | 3 4 |  4.3
Armour         | 1 |  1.0
Stealth        | 1 |  1.0
Evocations     | 1 |  1.0
Fighting       | |  2.0
Throwing       | |  1.7
Dodging        | |  2.6

Action                     |  1- 3 |  4- 6 || total
---------------------------+-------+-------++-------
  Melee: Flail             |   129 |    55 ||   184
         Punch             |       |     2 ||     2
  Throw: Stone             |       |     7 ||     7
    Use: Potion            |     1 |       ||     1
   Stab: Sleeping          |     1 |       ||     1
 Armour: Leather armour    |    14 |       ||    14
         Ring mail         |    41 |    12 ||    53
         Chain mail        |       |    10 ||    10
  Dodge: Dodged            |   104 |    27 ||   131

Table legend: (Time is in decaauts)
 A = Elapsed time spent in this place.
 B = Non-inter-level travel time spent in this place.
 C = Inter-level travel time spent in this place.
 D = Time resting spent in this place.
 E = Time spent auto-exploring this place.
 F = Levels seen in this place.
 G = Mean time per level.
                   A        B        C        D        E       F      G
               +--------+--------+--------+--------+--------+-----+--------+
         Total |   2850 |   2630 |    220 |    294 |   1596 |   4 |  712.5 |
       Dungeon |   2850 |   2630 |    220 |    294 |   1596 |   4 |  712.5 |
               +--------+--------+--------+--------+--------+-----+--------+

Top non-repeatable levels by time:
     D:3: 1166 daAuts
     D:1: 909 daAuts
     D:2: 744 daAuts
     D:4: 29 daAuts
